 Dungeon Crawl Stone Soup version 0.25.0-15-gac7dcb8919 (webtiles) character file.

Game seed: 3756055831773250258

52675 kithyx the Summoner (level 14, 0/121 HPs)
             Began as a Centaur Summoner on June 29, 2020.
             Was the Champion of Fedhas.
             Succumbed to a wolf spider's poison
             ... on level 2 of the Spider Nest.
             The game lasted 03:02:09 (33786 turns).

kithyx the Summoner (Centaur Summoner)             Turns: 33786, Time: 03:02:12

Health: 0/121      AC: 11    Str: 12    XL:     14   Next: 28%
Magic:  6/21       EV: 11    Int: 31    God:    Fedhas [******]
Gold:   1010       SH:  5    Dex: 10    Spells: 6/19 levels left

rFire    + . .     SeeInvis +   Y - +2 whip of Wariness {vorpal, rC- Int+7 SInv}
rCold    x . .     Gourm    .   (no shield)
rNeg     . . .     Faith    .   a - +2 troll leather armour
rPois    +         Spirit   .   N - +1 hat
rElec    .         Reflect  +   u - +0 cloak
rCorr    .         Harm     .   G - +0 pair of gloves
MR       +....                  (no barding)
Stlth    +.........             v - amulet of reflection
HPRegen  0.70/turn              B - ring of poison resistance
MPRegen  0.17/turn              Z - +6 ring of intelligence

@: lethally poisoned (0 -> -3), very quick
A: large, hooves 3, deformed body, fire resistance 1, speed 2, high mp 1, tough
skin 3, sturdy frame 1
a: Wall of Briars, Grow Ballistomycete, Overgrow, Grow Oklob, Renounce Religion


You were on level 2 of the Spider Nest.
You worshipped Fedhas.
Fedhas was exalted by your worship.
You were very hungry.

You visited 7 branches of the dungeon, and saw 24 of its levels.

You collected 2446 gold pieces.
You spent 1436 gold pieces at shops.

Inventory:

Hand Weapons
 h - the +6 falchion of Conscience {vorpal, Str+2 Stlth+}
   (You bought it in a shop on level 2 of the Orcish Mines)

   It inflicts extra damage upon your enemies.
   It affects your strength (+2).
   It makes you more stealthy.
 P - a +9 dire flail
 S - a +0 halberd of flaming
 Y - the +2 whip of Wariness (weapon) {vorpal, rC- Int+7 SInv}
   (You found it on level 8 of the Dungeon)

   It inflicts extra damage upon your enemies.
   It affects your intelligence (+7).
   It makes you vulnerable to cold.
   It lets you see invisible.
Missiles
 x - 264 arrows
 C - 44 poisoned darts (quivered)
Armour
 a - a +2 troll leather armour (worn)
 u - a +0 cloak (worn)
 F - a +1 hat
 G - a +0 pair of gloves (worn)
 J - a +1 kite shield of cold resistance
 N - a +1 hat (worn)
 U - a +3 chain mail of cold resistance
 V - +0 acid dragon scales
Jewellery
 e - an uncursed ring of fire
 j - an uncursed amulet of faith {unknown}
 l - an uncursed ring of protection from magic
 v - an amulet of reflection (around neck)
 y - an uncursed ring of see invisible
 B - a ring of poison resistance (left hand)
 K - an uncursed ring of wizardry
 Z - a +6 ring of intelligence (right hand)
Wands
 k - a wand of acid (2)
 m - a wand of paralysis (3)
 q - a wand of iceblast (2)
 t - a wand of enslavement (3)
 A - a wand of clouds (1)
 E - a wand of polymorph (8)
 W - a wand of digging (8)
Scrolls
 d - 7 scrolls of teleportation
 g - a scroll of amnesia
 i - 9 scrolls of remove curse
 z - a scroll of fear
 D - 2 scrolls of identify
 L - a scroll of enchant weapon
 R - a scroll of magic mapping
 X - 2 scrolls of fog
Potions
 b - 2 potions of stabbing
 n - a potion of haste
 r - 2 potions of invisibility
 w - a potion of brilliance
 H - 2 potions of might
 M - 2 potions of flight
Miscellaneous
 O - a tin of tremorstones (3/3)
Comestibles
 c - 32 rations
 p - a chunk of flesh


   Skills:
 + Level 10.2 Fighting
 - Level 12.0 Maces & Flails
 - Level 4.5 Polearms
 - Level 5.0 Armour
 - Level 5.0 Dodging
 - Level 1.1 Stealth
 - Level 3.0 Spellcasting
 * Level 13.1 Summonings
 - Level 3.0 Air Magic
 + Level 6.8 Invocations


You had 6 spell levels left.
You knew the following spells:

 Your Spells              Type           Power        Failure   Level  Hunger
a - Shadow Creatures      Summ           N/A          4%          6    #######
b - Call Canine Familiar  Summ           ######..     1%          3    ##.....
d - Summon Lightning Spi  Summ/Air       ######..     2%          4    ####...

Your spell library contained the following spells:

 Spells                   Type           Power        Failure   Level  Hunger
 Summon Butterflies       Summ           ######..     1%          1    None
 Summon Small Mammal      Summ           ####         1%          1    None
 Call Imp                 Summ           ######..     1%          2    #......
 Recall                   Summ/Tloc      N/A          1%          3    ##.....
 Summon Guardian Golem    Hex/Summ       #####...     1%          3    ##.....
 Summon Ice Beast         Ice/Summ       #####...     4%          4    ####...
 Poisonous Vapours        Pois/Air       ##....       5%          2    #......
 Apportation              Tloc           #.....       7%          1    None
 Corona                   Hex            #......      7%          1    None
 Magic Dart               Conj           #...         7%          1    None
 Sting                    Tmut/Pois      #...         7%          1    None
 Ensorcelled Hibernation  Hex/Ice        #.....       11%         2    #......
 Searing Ray              Conj           #.....       11%         2    #......
 Summon Mana Viper        Hex/Summ       #####...     13%         5    ######.
 Mephitic Cloud           Conj/Pois/Air  ##......     14%         3    ##.....
 Confusing Touch          Hex            #.......     21%         3    ##.....
 Dazzling Flash           Conj/Hex       #.....       21%         3    ##.....
 Gell's Gravitas          Tloc           #.........   21%         3    ##.....
 Ignite Poison            Fire/Tmut/Pois #.......     21%         3    ##.....
 Lesser Beckoning         Tloc           #.........   21%         3    ##.....
 Tukima's Dance           Hex            #.......     21%         3    ##.....
 Fulminant Prism          Conj/Hex       #.........   56%         4    ####...
 Ice Form                 Ice/Tmut       #.......     56%         4    ####...
 Iskenderun's Mystic Bla  Conj/Tloc      #.......     56%         4    ####...
 Olgreb's Toxic Radiance  Pois           #.......     56%         4    ####...
 Petrify                  Tmut/Erth      #.......     56%         4    ####...
 Alistair's Intoxication  Tmut/Pois      #.......     88%         5    ######.
 Metabolic Englaciation   Hex/Ice        #.........   88%         5    ######.
 Yara's Violent Unravell  Hex/Tmut       #.........   88%         5    ######.
 Freezing Cloud           Conj/Ice/Air   ##........   100%        6    #######
 Invisibility             Hex            #.......     100%        6    #######
 Ozocubu's Refrigeration  Ice            #.........   100%        6    #######
 Simulacrum               Ice/Necr       #.........   100%        6    #######
 Summon Hydra             Summ           ######....   26%         7    #######


Dungeon Overview and Level Annotations

Branches:
Dungeon (11/15)            Temple (1/1) D:7            Lair (6/6) D:10
 Shoals (0/4) Lair:2       Spider (2/4) Lair:4        Slime (1/5) Lair:5
    Orc (2/2) D:11            Elf (1/3) Orc:2

Altars:
Ashenzari
Dithmenos
Elyvilon
Fedhas
Gozag
Kikubaaqudgha
Okawaru
Qazlal
Ru
Sif Muna
Trog
Uskayaw
Vehumet
Wu Jian
Xom
Yredelemnul
Zin
The Shining One
Beogh

Shops:
D:7 =   D:8 [   D:9 (   Orc:1 ****[   Orc:2 [(:(:

Annotations:
D:10 exclusion: orange crystal statue


Innate Abilities, Weirdness & Mutations

You have hooves in place of feet.
Armour fits poorly on your strangely shaped body.
You cover ground very quickly.
You have extremely tough skin. (AC +3)
Your flesh is heat resistant. (rF+)
You have an increased reservoir of magic. (+10% MP)
Your movements are slightly less encumbered by armour. (ER -2)


Message History

You feel sick.
Your wolf spider barely misses the wolf spider.
Your wolf spider bites the wolf spider!
The wolf spider dies!
Fedhas accepts your kill.
* * * LOW HITPOINT WARNING * * *
You feel sick.
* * * LOW HITPOINT WARNING * * *
You feel sick.
* * * LOW HITPOINT WARNING * * *
You feel sick.
Your magical effects are unravelling.
You feel magically purged.
Your magical contamination has completely faded away.
You feel less wooden.
Your +0 cloak unmelds from your body.
Your +1 hat unmelds from your body.
Your +0 pair of gloves unmelds from your body.
Your +2 troll leather armour unmelds from your body.
You die...
Fedhas appreciates your contribution to the ecosystem.

#####.....#......
.#...^†<†..........#
........^.............
......................
......................
......................
......................
.............s..$.^...
......[......s@.......
.................^..
.........../.......
................
................
................
................
.......<........
...............


You could see 2 friendly wolf spiders.

Vanquished Creatures
  Rupert (Lair:3)
  An entropy weaver (Lair:4)
  5 hydras
  A two-headed ogre (D:11)
  Urug (Orc:2)
  Sonja (Lair:1)
  2 nameless horrors
  Pikel (D:3)
  An orb spider (Spider:1)
  2 wolf spiders (Spider:1)
  A moth of wrath (Spider:2)
  4 elephants
  3 black mambas
  A gargoyle (D:11)
  Joseph (D:7)
  A spiny frog (Lair:5)
  Maggie (D:8)
  The ghost of VeryBadPlayer the Magician, a novice DsWz of Vehumet (D:5)
  A troll (D:10)
  6 hornets
  3 hippogriffs
  5 redbacks
  A tarantella (Spider:1)
  4 wyverns
  6 yaks
  3 hogs (D:7)
  A human (D:6)
  A hungry ghost (D:10)
  A warg (Orc:2)
  4 soldier ants (Lair:4)
  5 water moccasins
  An ice beast (D:6)
  7 orc warriors
  2 slaves (D:3)
  6 ogres
  6 wolves
  3 centaurs
  2 crocodiles
  3 bullfrogs
  A gnoll sergeant (D:7)
  Dowan (D:4)
  A scorpion (D:5)
  A vampire bat (Lair:1)
  3 howler monkeys
  A wight (D:11)
  4 hounds
  A quasit (D:10)
  A centaur skeleton (D:6)
  3 orc priests
  7 orc wizards
  7 iguanas
  3 hell rats
  7 worker ants
  A killer bee zombie (D:7)
  A hound skeleton (D:5)
  13 adders
  8 gnolls
  A howler monkey skeleton (D:6)
  8 river rats (D:7)
  A shadow imp (D:8)
  3 oozes
  An adder skeleton (D:7)
  5 worms
  2 dart slugs (D:1)
  5 leopard geckos
  37 orcs
  3 giant cockroaches
  2 goblins (D:1)
  4 hobgoblins (D:2)
  3 jackals
  9 kobolds
  5 quokkas
  2 ball pythons
  9 bats
  3 frilled lizards
  A goblin zombie (D:11)
  A hobgoblin zombie (D:11)
  A jackal skeleton (D:4)
  3 leopard gecko skeletons
  An orc skeleton (D:11)
  4 orc zombies (D:11)
  A quokka zombie (D:9)
  17 rats
296 creatures vanquished.

Vanquished Creatures (collateral kills)
  2 entropy weavers
  A fire dragon (Lair:6)
  Erolcha (D:11)
  Harold (Lair:1)
  2 hydras (Lair:6)
  3 catoblepae
  2 two-headed ogres
  A queen ant (Lair:4)
  An orc high priest (Orc:2)
  The ghost of SamuraiZach the Basher, a novice TrBe of Trog (D:9)
  A flayed ghost (D:9)
  A lindwurm (Lair:6)
  3 orc knights
  3 orb spiders (Spider:1)
  2 orc sorcerers
  6 wolf spiders
  An ugly thing (D:11)
  7 elephants
  4 nameless horrors
  10 black mambas
  Psyche (D:10)
  6 torpor snails
  A guardian serpent (Lair:6)
  7 spiny frogs
  2 demonic crawlers (Spider:1)
  10 komodo dragons
  2 trolls (Orc:1)
  8 jumping spiders
  A polar bear (Lair:6)
  9 hornets
  4 tyrant leeches (Lair:6)
  3 blink frogs (Lair:4)
  A snapping turtle (Lair:2)
  7 hippogriffs
  23 redbacks
  10 tarantellas
  3 fire bats (Lair:4)
  A wraith (D:11)
  9 wyverns
  A shadow (D:11)
  3 basilisks
  19 yaks
  2 hungry ghosts (D:11)
  3 wargs
  2 acid dragons
  15 water moccasins
  13 soldier ants (Lair:4)
  Duvessa (D:4)
  4 porcupines
  20 orc warriors
  A black bear (D:10)
  An ice beast (D:11)
  2 eyes of draining
  A phantom (D:8)
  7 wolves
  10 ogres
  3 centaurs
  9 crocodiles
  4 bullfrogs
  3 scorpions
  A troll zombie (D:11)
  3 wights (D:11)
  A vampire bat (Lair:1)
  A howler monkey (D:10)
  A crimson imp (D:11)
  A centaur zombie (D:11)
  A quasit (D:10)
  6 jellies
  A centaur skeleton (D:5)
  16 orc priests
  A gnoll shaman (Orc:2)
  2 hounds
  Terence (D:2)
  19 orc wizards
  15 worker ants
  6 hell rats (Lair:3)
  7 ogre zombies (D:11)
  2 worker ant zombies (D:11)
  4 gnolls
  5 adders
  4 oozes
  2 leopard geckos
  63 orcs
  2 goblins
  A hobgoblin (D:3)
  A quokka (D:3)
  4 bats
  5 frilled lizards
  3 goblin zombies (D:11)
  2 hobgoblin zombies (D:11)
  A kobold (D:3)
  An orc skeleton (D:11)
  12 orc zombies (D:11)
  2 rats (D:2)
482 creatures vanquished.

Vanquished Creatures (others)
  An orc warlord (Orc:2)
  3 oklob plants
  A hippogriff (Lair:4)
  A porcupine (Lair:4)
  A centaur (D:10)
  A worker ant (Lair:4)
  An ooze (D:4)
  40 fungi
  80 plants
129 creatures vanquished.

Grand Total: 907 creatures vanquished

Notes
Turn   | Place    | Note
-------+----------+-------------------------------------------
     0 | D:1      | kithyx the Centaur Summoner began the quest for the Orb.
     0 | D:1      | Reached XP level 1. HP: 14/14 MP: 3/3
   164 | D:1      | You fall into a shaft and drop 1 floor!
   209 | D:2      | Reached XP level 2. HP: 7/22 MP: 1/4
   210 | D:2      | Reached skill level 1 in Fighting
   645 | D:2      | Noticed a hungry ghost
   770 | D:2      | You fall into a shaft and drop 2 floors!
   770 | D:4      | Noticed Pikel
   770 | D:4      | Noticed a slave
   770 | D:4      | Noticed a slave
   770 | D:4      | Noticed a slave
   770 | D:4      | Noticed a slave
   793 | D:3      | HP: 1/23 [poisoned by an adder]
  1026 | D:2      | Learned a level 2 spell: Call Imp
  1143 | D:2      | Reached XP level 3. HP: 28/29 MP: 5/5
  1145 | D:2      | Noticed Terence
  1164 | D:2      | Killed Terence
  1770 | D:1      | Reached XP level 4. HP: 28/36 MP: 7/7
  2576 | D:2      | Learned a level 3 spell: Call Canine Familiar
  2591 | D:3      | Killed a slave
  2602 | D:3      | Killed a slave
  2621 | D:3      | Killed Pikel
  2621 | D:3      | Reached skill level 4 in Summonings
  2621 | D:3      | Reached XP level 5. HP: 13/46 MP: 0/8
  2621 | D:3      | Reached XP level 6. HP: 15/52 MP: 0/9
  3201 | D:3      | Reached XP level 7. HP: 40/58 MP: 1/10
  3439 | D:3      | Found an iron altar of Okawaru.
  4265 | D:4      | Noticed Duvessa
  4267 | D:4      | Noticed Dowan
  4296 | D:4      | Killed Duvessa
  4305 | D:4      | Killed Dowan
  4477 | D:4      | Learned a level 4 spell: Summon Lightning Spire
  4852 | D:5      | Entered Level 5 of the Dungeon
  5201 | D:5      | Found a basalt altar of Yredelemnul.
  5204 | D:5      | Found a glowing golden altar of the Shining One.
  5206 | D:5      | Found an ornate altar of the Wu Jian Council.
  5206 | D:5      | Found a glowing silver altar of Zin.
  5277 | D:5      | Found a transporter.
  5277 | D:5      | Noticed VeryBadPlayer's ghost (novice DsWz)
  5279 | D:5      | Found a transporter.
  5308 | D:5      | Reached skill level 5 in Summonings
  5308 | D:5      | Reached skill level 1 in Air Magic
  5308 | D:5      | Reached XP level 8. HP: 64/67 MP: 0/12
  5310 | D:5      | Reached skill level 5 in Fighting
  5314 | D:5      | Killed VeryBadPlayer's ghost
  5610 | D:5      | Got a smoking scale mail
  5611 | D:5      | Identified the +0 scale mail "Meyllaer" {*Contam +Inv rElec
                  | Int-5} (You found it on level 5 of the Dungeon)
  6510 | D:6      | Reached skill level 1 in Maces & Flails
  7206 | D:6      | Found an ancient bone altar of Kikubaaqudgha.
  7371 | D:6      | Found a shattered altar of Ashenzari.
  7817 | D:6      | Reached XP level 9. HP: 36/75 MP: 13/13
  8002 | D:6      | Reached skill level 6 in Summonings
  8034 | D:7      | Reached skill level 1 in Armour
  8271 | D:7      | Found Jeg Paah's Jewellery Shop.
  8274 | D:7      | Noticed Joseph
  8295 | D:7      | Killed Joseph
  8809 | D:7      | Bought an uncursed ring of wizardry for 360 gold pieces
  9511 | D:7      | Found a staircase to the Ecumenical Temple.
  9527 | Temple   | Entered the Ecumenical Temple
  9543 | Temple   | Became a worshipper of Fedhas Madash
  9823 | D:8      | Noticed Maggie
  9838 | D:8      | Killed Maggie
  9838 | D:8      | Reached skill level 7 in Summonings
 10304 | D:8      | Found Lulipneot's Antique Armour Shop.
 10325 | D:8      | Got a fading whip
 10342 | D:8      | Identified the +2 whip of Wariness {vorpal, rC- Int+7 SInv}
                  | (You found it on level 8 of the Dungeon)
 10367 | D:8      | Identified a scroll of acquirement
 10368 | D:8      | Got the Volume of Supportive Moulding
 10794 | D:9      | Reached XP level 10. HP: 54/83 MP: 4/14
 10897 | D:9      | Learned a level 6 spell: Shadow Creatures
 10906 | D:9      | Found Beaqipp's Antique Weapon Shop.
 10930 | D:9      | Found a sacrificial altar of Ru.
 11095 | D:9      | Reached * piety under Fedhas
 11555 | D:9      | Found a shimmering altar of Xom.
 11846 | D:9      | Found a runed translucent door.
 11846 | D:9      | Noticed SamuraiZach's ghost (novice TrBe)
 11846 | D:9      | Noticed a flayed ghost
 11869 | D:9      | Killed SamuraiZach's ghost
 11883 | D:9      | Killed a flayed ghost
 11883 | D:9      | Reached skill level 5 in Maces & Flails
 12065 | D:9      | Noticed a two-headed ogre
 12073 | D:9      | Killed a two-headed ogre
 12262 | D:10     | Entered Level 10 of the Dungeon
 12407 | D:10     | Noticed a two-headed ogre
 12416 | D:10     | Killed a two-headed ogre
 12416 | D:10     | Reached skill level 8 in Summonings
 12572 | D:10     | Noticed an orange crystal statue
 12899 | D:10     | Found a staircase to the Lair.
 12901 | D:10     | Noticed a nameless horror
 13015 | D:10     | Killed a nameless horror
 13284 | D:10     | Reached ** piety under Fedhas
 13512 | D:10     | Noticed Psyche
 13517 | D:10     | Killed Psyche
 14075 | D:11     | Found a bloodstained altar of Trog.
 14208 | D:11     | Noticed a two-headed ogre
 14219 | D:11     | Killed a two-headed ogre
 14219 | D:11     | Reached XP level 11. HP: 83/89 MP: 9/15
 14229 | D:11     | Reached skill level 5 in Dodging
 14308 | D:11     | Noticed a brown ugly thing
 14325 | D:11     | Killed a brown ugly thing
 14325 | D:11     | Reached skill level 5 in Armour
 14354 | D:11     | Found a staircase to the Orcish Mines.
 14613 | D:11     | Reached *** piety under Fedhas
 14825 | D:11     | Noticed Erolcha
 14830 | D:11     | Noticed a nameless horror
 14920 | D:11     | Killed Erolcha
 15364 | D:11     | Killed a nameless horror
 15461 | D:11     | Paralysed by a hornet for 2 turns
 15889 | D:11     | Reached skill level 9 in Summonings
 16734 | Orc:1    | Entered Level 1 of the Orcish Mines
 17020 | Orc:1    | Found Heniront's Assorted Antiques.
 17063 | Orc:1    | Gained mutation: You are frail. (-10% HP) [potion of
                  | mutation]
 17063 | Orc:1    | Gained mutation: You are partially covered in iridescent
                  | scales. (AC +2) [potion of mutation]
 17063 | Orc:1    | Gained mutation: You do not regenerate when monsters are
                  | visible. [potion of mutation]
 17063 | Orc:1    | Gained mutation: Your flesh is heat resistant. (rF+)
                  | [potion of mutation]
 17187 | Orc:1    | Reached skill level 1 in Invocations
 17221 | Orc:1    | Reached **** piety under Fedhas
 17761 | Orc:1    | You fall into a shaft and drop 1 floor!
 17761 | Orc:2    | Entered Level 2 of the Orcish Mines
 17832 | Orc:2    | Found a roughly hewn altar of Beogh.
 17851 | Orc:2    | Found Axkupn's Book Emporium.
 17945 | Orc:2    | Noticed an orc sorcerer
 17947 | Orc:2    | Paralysed by an orc sorcerer for 6 turns
 17958 | Orc:1    | Found Zaucysog's Antique Armour Boutique.
 18125 | Orc:1    | Found a roughly hewn altar of Beogh.
 18314 | Orc:2    | Killed an orc sorcerer
 18472 | Orc:2    | Got a glimmering long sword
 18473 | Orc:2    | Identified the +0 long sword "Xyciydih" {holy, *Drain rF+
                  | Int+2 Dex+5} (You found it on level 2 of the Orcish Mines)
 18569 | Orc:2    | Found Koawn's Book Boutique.
 18605 | Orc:2    | Noticed Urug
 18629 | Orc:2    | Killed Urug
 18816 | Orc:2    | Found a roughly hewn altar of Beogh.
 19029 | Orc:2    | Found a roughly hewn altar of Beogh.
 19055 | Orc:2    | Found Cein's Antique Weapon Shoppe.
 19062 | Orc:2    | Bought an ichor-stained falchion for 144 gold pieces
 19066 | Orc:2    | Identified the +6 falchion of Conscience {vorpal, Str+2
                  | Stlth+} (You bought it in a shop on level 2 of the Orcish
                  | Mines)
 19158 | Orc:2    | Found a staircase to the Elven Halls.
 19239 | Orc:2    | Noticed an orc high priest
 19246 | Orc:2    | Killed an orc high priest
 19246 | Orc:2    | Reached ***** piety under Fedhas
 19249 | Orc:2    | Noticed an orc warlord
 19258 | Orc:2    | Noticed an orc knight
 19273 | Orc:2    | Noticed an orc knight
 19324 | Orc:2    | Killed an orc knight
 19340 | Orc:2    | Killed an orc knight
 19441 | Orc:2    | Found Domibam's Antique Armour Shop.
 19441 | Orc:2    | Found a roughly hewn altar of Beogh.
 19442 | Orc:2    | Found Govvawk Zith's Antique Weapon Boutique.
 19642 | Orc:2    | Found a roughly hewn altar of Beogh.
 20188 | Elf:1    | Entered Level 1 of the Elven Halls
 20188 | Elf:1    | Noticed a deep elf mage
 20188 | Elf:1    | Noticed a deep elf mage
 20188 | Elf:1    | Noticed a deep elf mage
 20189 | Elf:1    | Noticed a deep elf mage
 20189 | Elf:1    | Noticed a deep elf demonologist
 20302 | Orc:1    | Found Hipladaq's Assorted Antiques.
 20304 | Orc:1    | Found Qis Pulo's General Store.
 20310 | Orc:1    | Bought a runed troll leather armour for 612 gold pieces
 20324 | Orc:1    | Bought a potion of heal wounds for 55 gold pieces
 20324 | Orc:1    | Bought a ration for 55 gold pieces
 20360 | Orc:1    | Found Ciycsel's Assorted Antiques.
 20371 | Orc:1    | Bought a scroll of identify for 60 gold pieces
 20371 | Orc:1    | Bought a potion of heal wounds for 150 gold pieces
 20569 | Orc:1    | Noticed an orc knight
 20575 | Orc:1    | Noticed an orc sorcerer
 20583 | Orc:1    | HP: 3/82 [orc warrior/boomerang[an orc knight] (18)]
 20589 | Orc:1    | Killed an orc sorcerer
 20733 | Orc:1    | HP: 4/82 [orc knight/+0 battleaxe (19)]
 20746 | Orc:1    | Killed an orc knight
 20746 | Orc:1    | Reached XP level 12. HP: 22/90 MP: 1/16
 21249 | Lair:1   | Entered Level 1 of the Lair of Beasts
 21318 | Lair:1   | Noticed Sonja
 21321 | Lair:1   | Killed Sonja
 21321 | Lair:1   | Reached skill level 10 in Summonings
 21679 | Lair:1   | Noticed Harold
 21702 | Lair:1   | Killed Harold
 22881 | Lair:2   | Reached skill level 5 in Invocations
 22944 | Lair:2   | Noticed a catoblepas
 22953 | Lair:2   | Killed a catoblepas
 23745 | Lair:2   | Found a staircase to the Shoals.
 24346 | Lair:3   | Noticed a six-headed hydra
 24372 | Lair:3   | Killed a one-headed hydra
 24461 | Lair:3   | Noticed Rupert
 24575 | Lair:3   | Paralysed by Rupert for 6 turns
 24599 | Lair:3   | Killed Rupert
 25042 | Lair:3   | Noticed a catoblepas
 25058 | Lair:3   | Killed a catoblepas
 25058 | Lair:3   | Reached skill level 11 in Summonings
 25332 | Lair:3   | Got a smouldering chain mail
 25341 | Lair:3   | Identified the +1 chain mail "Etiacvout" {+Blink rN++
                  | Int+3} (You found it on level 3 of the Lair of Beasts)
 26167 | Lair:4   | Found a hole to the Spider Nest.
 26188 | Lair:4   | Reached skill level 10 in Maces & Flails
 26479 | Lair:4   | Noticed a queen ant
 26488 | Lair:4   | Noticed an entropy weaver
 26495 | Lair:4   | Reached XP level 13. HP: 90/97 MP: 0/17
 26498 | Lair:4   | Noticed an entropy weaver
 26501 | Lair:4   | Killed an entropy weaver
 26513 | Lair:4   | Killed an entropy weaver
 26950 | Lair:5   | Reached ****** piety under Fedhas
 27172 | Lair:5   | Found a staircase to the Slime Pits.
 27730 | Lair:6   | Entered Level 6 of the Lair of Beasts
 27942 | Lair:5   | Reached skill level 12 in Summonings
 29406 | Lair:6   | Paralysed by a hornet for 2 turns
 30095 | Lair:6   | Found a runed translucent door.
 30097 | Lair:6   | Noticed a fire dragon
 30143 | Lair:6   | Killed a fire dragon
 30253 | Lair:6   | Paralysed by a hornet for 2 turns
 30973 | Lair:6   | Paralysed by a hornet for 3 turns
 31273 | Slime:1  | Entered Level 1 of the Pits of Slime
 31357 | Spider:1 | Entered Level 1 of the Spider Nest
 31359 | Spider:1 | Paralysed by a hornet for 1 turns
 31604 | Spider:1 | Reached XP level 14. HP: 107/107 MP: 0/18
 32081 | Spider:1 | Reached skill level 10 in Fighting
 32546 | Spider:1 | Reached skill level 13 in Summonings
 33087 | Spider:1 | Noticed an entropy weaver
 33103 | Spider:1 | Killed an entropy weaver
 33112 | Spider:1 | Lost mutation: You do not regenerate when monsters are
                  | visible. [potion of mutation]
 33112 | Spider:1 | Lost mutation: You are frail. (-10% HP) [potion of
                  | mutation]
 33112 | Spider:1 | Lost mutation: You are partially covered in iridescent
                  | scales. (AC +2) [potion of mutation]
 33112 | Spider:1 | Gained mutation: Your movements are slightly less
                  | encumbered by armour. (ER -2) [potion of mutation]
 33112 | Spider:1 | Gained mutation: You have an increased reservoir of magic.
                  | (+10% MP) [potion of mutation]
 33779 | Spider:2 | HP: 6/121 [poisoned by a wolf spider]
 33784 | Spider:2 | HP: 2/181 [poisoned by a wolf spider]
 33786 | Spider:2 | Succumbed to a wolf spider's poison

Illustrated notes

Levels and vault maps discovered:
D:1:      lightli_arrival_boilingwater, layout_rooms, minmay_tetromino_t4
D:2:      layout_basic, first_ration, uniq_terence
D:3:      layout_basic, okawaru_altar_gauntlet_db
D:4:      layout_cave_pods, hangedman_decor_push, uniq_duvessa, uniq_pikel
D:5:      layout_layer_cave, grunt_temple_overflow_open, gammafunk_ghost_smash,
          minmay_door_square, minmay_strange_pillars
D:6:      layout_loops_ring, kennysheep_little_box, basic_altar
D:7:      lemuel_ratsnest, layout_loops_cross, minmay_temple_entry_offerings,
          serial_shops, shop, grunt_livestock, minmay_misc_feat_plants,
          uniq_joseph
D:8:      layout_loops_ring, serial_shops, shop, uniq_maggie
D:9:      layout_long_grid, kennysheep_mini, ebering_ghost_inner_flame,
          serial_shops, shop, xom_teletrap_fun
D:10:     layout_loops_ring, david_lair_shrubbed, minmay_protected_statue,
          uniq_psyche
D:11:     layout_loops_cross, zombieorc2_lemuel, lemuel_tele_altar, uniq_erolcha
Temple:   eino_temple_scatter_basement
Lair:1:   layout_concentric_octagons, roderic_batcave, uniq_harold, uniq_sonja
Lair:2:   layout_cave_pods, minmay_shoals_entry_hut
Lair:3:   layout_roguey, serial_bayou_shore_a, grunt_megastairs_3, uniq_rupert
Lair:4:   layout_cave_pods, dummy_spider_entry, nicolae_volcano_entry_batcave,
          zaba_antful_of_joy, infiniplex_staircase_pool_2, serial_bayou_shore_b,
          minmay_lair_oklob_chamber
Lair:5:   layout_regular_city, nicolae_slime_entry_slimehenge
Lair:6:   wormcave, layout_loops_ring, hangedman_lair_tendril_chambers
Spider:1: layout_spider_delve
Spider:2: layout_spider_delve, guppyfry_spider_mini_1
Slime:1:  layout_caves
Orc:1:    layout_diamond_mine, basic_altar, serial_shops, shop,
          nicolae_shop_competitors_out_of_business,
          nicolae_shop_overgrown_old_shop, shop, nicolae_shop_trees
Orc:2:    grunt_orc_community_town_hall, layout_caves,
          grunt_orc_community_big_house_2, grunt_orc_community_big_house_1,
          grunt_orc_community_house_2, grunt_orc_community_house_2,
          grunt_orc_community_house_3, grunt_orc_community_house_3,
          serial_shops, nicolae_shop_trees, minmay_orc_keep, uniq_urug
Elf:1:    eino_elf_arrival_customs, layout_loops_corners,
          hangedman_elf_represent, minmay_shop_grove, uniq_aizul

Skill      XL: |  1  2  3  4  5  6  7  8  9 10 11 12 13 14 |
---------------+-------------------------------------------+-----
Fighting       | 1 2 3 4 5 6 7 8 9 10 | 10.2
Spellcasting   | 2 3 |  3.0
Polearms       | 2 3 4 |  4.5
Dodging        | 2 3 4 5 |  5.0
Summonings     | 4 5 7 8 9 11 12 13 | 13.1
Air Magic      | 1 2 3 |  3.0
Maces & Flails | 2 4 6 8 10 11 12 | 12.0
Armour         | 3 4 5 |  5.0
Invocations    | 4 5 6 |  6.8
Stealth        | |  1.1

Action                   |  1- 3 |  4- 6 |  7- 9 | 10-12 | 13-15 || total
-------------------------+-------+-------+-------+-------+-------++-------
Melee: Dagger            |    76 |    59 |       |       |       ||   135
       Unarmed           |     8 |       |       |       |       ||     8
       Kick              |    12 |    18 |    55 |   130 |    80 ||   295
       Flail             |     5 |       |       |       |       ||     5
       Trident           |       |    26 |   115 |       |       ||   141
       Dire flail        |       |       |   222 |       |       ||   222
       Whip              |       |       |     5 |   624 |   328 ||   957
       Halberd           |       |       |       |     8 |    15 ||    23
Throw: Dart              |       |       |     5 |    46 |     7 ||    58
 Cast: Summon Small Mamm |    26 |       |       |       |       ||    26
       Call Imp          |     2 |     5 |    20 |     1 |       ||    28
       Call Canine Famil |       |     6 |    16 |    97 |    61 ||   180
       Summon Lightning  |       |       |     2 |    40 |    70 ||   112
       Shadow Creatures  |       |       |       |    69 |    33 ||   102
Invok: Overgrow          |       |       |       |     2 |     1 ||     3
Evoke: Wand              |       |       |     5 |    64 |    31 ||   100
  Use: Potion            |     2 |       |     2 |    17 |    11 ||    32
       Scroll            |       |       |    17 |    16 |    11 ||    44
 Stab: Distracted        |       |       |     3 |    13 |     7 ||    23
       Held in net/web   |       |       |     1 |       |       ||     1
       Paralysed         |       |       |       |     2 |     3 ||     5
       Sleeping          |       |       |       |       |     1 ||     1
  Eat: Ration            |     1 |       |       |     3 |     5 ||     9
       Chunk             |     1 |     4 |    24 |    81 |    33 ||   143
Armor: Robe              |    36 |    17 |    27 |    45 |       ||   125
       Chain mail        |       |       |    74 |       |       ||    74
       Acid dragon scale |       |       |     6 |     2 |       ||     8
       Troll leather arm |       |       |       |   100 |   150 ||   250
Dodge: Dodged            |    59 |    44 |    77 |   249 |   208 ||   637
Block: Other             |       |    10 |    59 |    91 |    72 ||   232
       Reflection        |       |       |     7 |    10 |       ||    17
       Kite shield       |       |       |     3 |     2 |       ||     5
